 Dungeon Crawl Stone Soup version 0.27-a0-870-gc4bfac4 (webtiles) character file.

Game seed: 5084397610887686309

31 Nithhogg the Shooter (level 3, 0/20 HPs)
             Began as a Deep Elf Hunter on Apr 2, 2021.
             Slain by Terence
             ... wielding a +1 vorpal flail
              (2 damage)
             ... on level 2 of the Dungeon.
             The game lasted 00:03:43 (1168 turns).

Nithhogg the Shooter (Deep Elf Hunter)              Turns: 1168, Time: 00:03:44

Health: 0/20       AC:  3    Str:  9    XL:     3   Next: 7%
Magic:  7/7        EV: 12    Int: 15    God:
Gold:   64         SH:  0    Dex: 16    Spells: 4/4 levels left

rFire    . . .     SeeInvis .   a - +1 shortbow
rCold    . . .     Faith    .   (shield currently unavailable)
rNeg     . . .     Spirit   .   c - +0 leather armour
rPois    .         Reflect  .   (no helmet)
rElec    .         Harm     .   (no cloak)
rCorr    .         Rampage  .   (no gloves)
Will     .....                  (no boots)
Stlth    ++........             (no amulet)
HPRegen  0.06/turn              (no ring)
MPRegen  0.10/turn              (no ring)

@: no status effects
A: no striking features
a: no special abilities


You were on level 2 of the Dungeon.
You visited 1 branch of the dungeon, and saw 2 of its levels.

You collected 64 gold pieces.

Inventory:

Hand Weapons
 a - a +1 shortbow (weapon)
 b - a +0 short sword
Missiles
 d - 19 arrows (quivered ammo)
Armour
 c - a +0 leather armour (worn)
Scrolls
 f - 2 scrolls of blinking {unknown}


   Skills:
 - Level 1.5 Fighting
 * Level 5.9 Bows
 + Level 2.9 Dodging
 + Level 2.0 Stealth
 + Level 1.3 Spellcasting


You had 4 spell levels left.
You didn't know any spells.
Your spell library was empty.

Dungeon Overview and Level Annotations

Branches:
Dungeon (2/15)

Altars:

Annotations:
D:2 Terence


Message History

You kill the jackal!
A rat comes into view.
You have reached level 3!
Your experience leads to an increase in your attributes!
Increase (S)trength, (I)ntelligence, or (D)exterity?
You feel agile.
You shoot an arrow. The arrow completely misses the jackal.
You shoot an arrow. The arrow closely misses the jackal.
The arrow hits the rat.
You kill the rat!
You shoot an arrow. The arrow hits the jackal.
The jackal is severely wounded.
You shoot an arrow. The arrow hits the jackal.
You kill the jackal!
You shoot an arrow.
The arrow hits Terence but does no damage.
You shoot an arrow. The arrow barely misses Terence.
Terence hits you with a +1 vorpal flail.
You shoot an arrow. The arrow hits Terence!
Terence is heavily wounded.
Terence hits you with a +1 vorpal flail!
You are too injured to fight recklessly!
You are too injured to fight recklessly!
You are too injured to fight recklessly!
You are too injured to fight recklessly!
You are too injured to fight recklessly!
You are too injured to fight recklessly!
You are too injured to fight recklessly!
Terence closely misses you.
Terence asks, "Do you want it fast or slow?"
You are too injured to fight recklessly!
You are too injured to fight recklessly!
Fire: 20 arrows
Press: ? - help, Q - select action Shift-Dir - straight line, f/p - Terence
Aim: Terence, wielding a +1 vorpal flail and wearing a +0 scale mail (heavily wounded, 66% to hit)
You shoot an arrow. The arrow hits Terence.
Terence is heavily wounded.
Terence hits you with a +1 vorpal flail!
* * * LOW HITPOINT WARNING * * *
You die...

...........(...>#
####.#######.##.#
.....# #.##.#
############.##.#
.l.#.........##.#
.#.#...#..#####.#
.#.#.#.......##.#
.#.#.#.##'##.##@##
.#l#...#...#....@#
##.###.#.8.#...#.#
#.###.#...#.#.#.#
##.##..##+##.#.#.#
...#.[.......#.#.#
####.#########.#.#
................†#
####.#########.###
#.# #.


You could see Terence.

Vanquished Creatures
  An endoplasm (D:1)
  A giant cockroach (D:2)
  2 goblins (D:1)
  3 hobgoblins (D:1)
  9 jackals
  2 ball pythons
  2 bats
  2 frilled lizards (D:1)
  7 rats
29 creatures vanquished.

Notes
Turn   | Place    | Note
-------+----------+-------------------------------------------
     0 | D:1      | Nithhogg the Deep Elf Hunter began the quest for the Orb.
     0 | D:1      | Reached XP level 1. HP: 12/12 MP: 3/3
   123 | D:1      | Reached XP level 2. HP: 15/16 MP: 3/5
   197 | D:1      | Reached skill level 1 in Spellcasting
   763 | D:2      | Noticed Terence
  1132 | D:2      | Reached XP level 3. HP: 20/20 MP: 5/7
  1168 | D:2      | Slain by Terence

Illustrated notes

Levels and vault maps discovered:
D:1:      minmay_arrival_jagged, layout_basic, minmay_heptomino_l4
D:2:      layout_basic, basic_ecumenical_altar, minmay_misc_feat_room,
          feat_on_display, uniq_terence

Skill      XL: |  1  2 |
---------------+-------+-----
Spellcasting   | 1 |  1.3
Stealth        | 2 |  2.0
Fighting       | |  1.5
Bows           | |  5.9
Dodging        | |  2.9

Action                   || total
-------------------------++-------
 Fire: Shortbow          ||    64
  Use: Potion            ||     1
Armor: Leather armour    ||    10
Dodge: Dodged            ||    19

Table legend: (Time is in decaauts)
 A = Elapsed time spent in this place.
 B = Non-inter-level travel time spent in this place.
 C = Inter-level travel time spent in this place.
 D = Time resting spent in this place.
 E = Time spent auto-exploring this place.
 F = Levels seen in this place.
 G = Mean time per level.
                   A        B        C        D        E       F      G
               +--------+--------+--------+--------+--------+-----+--------+
         Total |   1169 |   1121 |     48 |    188 |    680 |   2 |  584.5 |
       Dungeon |   1169 |   1121 |     48 |    188 |    680 |   2 |  584.5 |
               +--------+--------+--------+--------+--------+-----+--------+

Top non-repeatable levels by time:
     D:1: 945 daAuts
     D:2: 223 daAuts
